AoeStats
← 17

Black Forest

509794996Analyzed
4v4 RM · 5d ago on Sep 28, 2026· 52m 27s· 8 players
Game mode
Random Map
Map size
Large (8 player)
Population
200
Speed
Normal
Resources
Standard
Victory
Conquest
Starting age
Dark Age
Ending age
Imperial Age
RankedLock teamsTeams togetherTeam positionsShared explorationLock speedFull tech treeHidden civsTurbo modeCheats
Victory
Defeat
🇨🇱 Persians · Chile
819
+7
🇨🇱 Mongols · Chile
695
+11
🇨🇱 Bohemians · Chile
669
+12
🇨🇱 Byzantines · Chile
632
+13
🇺🇸 Gurjaras · United States
634
-13
🇦🇷 Turks · Argentina
620
-12
🇨🇦 Byzantines · Canada
587
-11
🇨🇴 Bohemians · Colombia
484
-7
SavageCraude
0:30 Loom
10:36 Feudal Age
12:00 Double-Bit Axe
12:55 Wheelbarrow
20:25 Castle Age
22:55 Bow Saw
22:33 Horse Collar
25:28 Heavy Plow
26:34 Stone Mining
32:11 Imperial Age
30:54 Ballistics
30:32 Gold Mining
31:05 Padded Archer Armor
30:56 Fletching
31:18 Caravan
33:55 Gold Shaft Mining
34:08 Artillery
34:47 Bodkin Arrow
35:40 Conscription
40:55 Leather Archer Armor
42:40 Bracer
43:12 Ring Archer Armor
42:52 Elite Janissary
46:06 Treadmill Crane
46:49 Hand Cart
isthisthingon
1:07 Loom
10:32 Feudal Age
11:16 Horse Collar
11:52 Town Watch
16:00 Double-Bit Axe
21:16 Castle Age
19:46 Stone Mining
22:38 Stone Shaft Mining
22:47 Heavy Plow
22:54 Gold Mining
27:51 Fortified Wall
27:38 Murder Holes
30:11 Kshatriyas
31:31 Wheelbarrow
31:04 Fletching
31:15 Padded Archer Armor
34:08 Masonry
34:11 Forging
38:51 Imperial Age
36:31 Caravan
37:51 Bodkin Arrow
38:12 Leather Archer Armor
38:20 Ballistics
37:45 Treadmill Crane
39:10 Iron Casting
38:57 Bow Saw
39:05 Elite Elephant Archer
40:42 Bloodlines
40:35 Husbandry
39:58 Heavy Camel Rider
41:59 Crop Rotation
42:11 Thumb Ring
42:30 Conscription
42:17 Light Cavalry
43:02 Bracer
44:04 Chemistry
43:37 Architecture
43:10 Scale Mail Armor
43:16 Scale Barding Armor
44:18 Heavy Scorpion
47:12 Frontier Guards
48:45 Chain Barding Armor
48:41 Chain Mail Armor
52:02 Hussar
chatonbrutal
0:28 Loom
14:14 Feudal Age
20:35 Castle Age
28:05 Double-Bit Axe
36:08 Imperial Age
34:21 Horse Collar
35:03 Bow Saw
36:19 Heavy Plow
39:18 Coinage
38:59 Guilds
38:50 Caravan
40:00 Crop Rotation
40:38 Chemistry
39:58 Ballistics
39:19 Treadmill Crane
39:24 Arrowslits
39:50 Fortified Wall
39:36 Murder Holes
39:44 Padded Archer Armor
39:34 Fletching
39:45 Scale Mail Armor
39:56 Forging
41:11 Wheelbarrow
41:39 Stone Mining
41:39 Gold Mining
42:45 Hand Cart
42:50 Leather Archer Armor
42:51 Chain Mail Armor
43:11 Iron Casting
42:32 Bodkin Arrow
42:31 Elite Varangian Guard
42:57 Arson
43:13 Squires
42:33 Pikeman
42:59 Gambesons
42:36 Elite Skirmisher
42:36 Crossbowman
43:22 Thumb Ring
44:38 Stone Shaft Mining
44:39 Gold Shaft Mining
44:36 Halberdier
46:19 Banking
51:29 Plate Mail Armor
51:30 Ring Archer Armor
51:00 Bracer
51:06 Scale Barding Armor
52:06 Fervor
52:08 Redemption
51:58 Devotion
52:33 Theocracy
EvilDriver2000
12:48 Feudal Age
15:44 Wheelbarrow
15:00 Double-Bit Axe
25:22 Horse Collar
29:23 Castle Age
30:36 Hand Cart
35:22 Heavy Plow
35:40 Bow Saw
36:14 Fortified Wall
37:11 Chemistry
38:05 Caravan
39:55 Town Watch
42:23 Wagenburg Tactics
47:20 Town Patrol
Daton
0:49 Loom
13:07 Feudal Age
13:57 Horse Collar
14:04 Double-Bit Axe
16:11 Wheelbarrow
17:41 Man-at-Arms
18:07 Arson
23:07 Castle Age
21:34 Forging
21:25 Scale Mail Armor
24:30 Bow Saw
24:23 Heavy Plow
26:33 Squires
25:54 Long Swordsman
25:55 Pikeman
25:59 Crossbowman
26:00 Elite Skirmisher
29:47 Caravan
34:36 Imperial Age
35:38 Hand Cart
34:48 Elite Hussite Wagon
35:46 Guilds
36:15 Coinage
35:52 Padded Archer Armor
35:43 Fletching
36:00 Scale Barding Armor
36:12 Chain Mail Armor
37:20 Conscription
36:34 Capped Ram
38:37 Hussite Reforms
38:58 Town Watch
40:01 Ballistics
39:38 Murder Holes
39:30 Arrowslits
39:56 Fortified Wall
40:13 Fervor
40:06 Atonement
41:21 Wagenburg Tactics
42:52 Two-Man Saw
42:22 Redemption
42:29 Block Printing
42:50 Onager
44:59 Theocracy
44:50 Illumination
44:46 Sanctity
46:54 Devotion
46:51 Herbal Medicine
46:52 Two-Handed Swordsman
51:48 Faith
17
9:37 Feudal Age
16:31 Castle Age
15:16 Horse Collar
15:42 Double-Bit Axe
17:52 Loom
19:21 Gold Mining
20:36 Wheelbarrow
21:11 Bow Saw
21:41 Fletching
24:31 Hand Cart
31:25 Imperial Age
33:04 Stone Mining
33:50 Gold Shaft Mining
34:20 Chemistry
34:44 Scale Barding Armor
34:50 Forging
34:41 Scale Mail Armor
34:41 Padded Archer Armor
34:37 Bodkin Arrow
35:08 Thumb Ring
36:06 Stone Shaft Mining
36:36 Husbandry
36:46 Bloodlines
35:58 Light Cavalry
37:54 Kamandaran
38:15 Conscription
38:07 Citadels
37:18 Elite War Elephant
38:53 Ballistics
39:14 Iron Casting
38:55 Chain Mail Armor
39:00 Chain Barding Armor
38:56 Leather Archer Armor
38:29 Hussar
40:59 Two-Man Saw
39:37 Elite War Elephant
42:46 Crossbowman
43:34 Town Watch
43:50 Heavy Plow
44:41 Plate Barding Armor
44:37 Ring Archer Armor
claudio.morales
11:27 Feudal Age
17:45 Castle Age
17:09 Double-Bit Axe
17:09 Horse Collar
20:56 Loom
22:16 Bow Saw
22:10 Heavy Plow
23:24 Stone Mining
26:00 Wheelbarrow
25:11 Town Watch
31:22 Hand Cart
31:08 Town Patrol
31:02 Gold Mining
31:48 Stone Shaft Mining
34:25 Imperial Age
32:10 Fletching
32:21 Padded Archer Armor
33:02 Gold Shaft Mining
32:39 Caravan
33:20 Bodkin Arrow
33:49 Ballistics
33:33 Nomads
34:23 Thumb Ring
33:39 Elite Skirmisher
34:38 Leather Archer Armor
34:24 Murder Holes
34:42 Bloodlines
34:33 Husbandry
34:28 Light Cavalry
35:38 Conscription
36:31 Chemistry
35:38 Siege Engineers
36:41 Bracer
36:06 Elite Mangudai
37:24 Hoardings
37:42 Forging
37:33 Scale Mail Armor
37:39 Scale Barding Armor
40:04 Hussar
44:36 Capped Ram
46:24 Siege Ram
51:56 Drill
ISR4 ENRIQUE XXIII
14:01 Feudal Age
14:40 Double-Bit Axe
17:37 Wheelbarrow
19:47 Horse Collar
20:30 Loom
24:51 Castle Age
24:13 Arson
26:35 Hand Cart
28:23 Forging
28:15 Scale Mail Armor
28:21 Scale Barding Armor
28:16 Padded Archer Armor
28:07 Fletching
29:46 Heavy Plow
33:17 Bow Saw
33:02 Pikeman
33:06 Man-at-Arms
35:51 Fortified Wall
35:36 Murder Holes
35:24 Crossbowman
35:25 Elite Skirmisher
37:38 Caravan
38:07 Squires
37:58 Gambesons
38:58 Hand Cart
39:23 Husbandry
42:17 Iron Casting
42:03 Chain Barding Armor
41:40 Bodkin Arrow
42:00 Leather Archer Armor
42:15 Treadmill Crane
45:40 Imperial Age
46:19 Cavalier
46:41 Light Cavalry
50:48 Chemistry
50:10 Ballistics
50:21 Paladin
Connection lost

Rejoining the realm…

Still unreachable

The connection could not be restored.

Session expired

The server has moved on; the page needs a fresh start.